 Dungeon Crawl Stone Soup version 0.29.0-4-gdea44cf6ec (webtiles) character file.

Game seed: 6356417413414348972

88 qw the Chopper (level 4, 0/26 HPs)
             Began as a Tengu Warper on Aug 29, 2022.
             Slain by Terence
             ... wielding a +0 falchion
              (4 damage)
             ... on level 2 of the Dungeon.
             The game lasted 00:00:53 (2240 turns).

qw the Chopper (Tengu Warper)                       Turns: 2240, Time: 00:00:54

Health: 0/26       AC:  6    Str: 13    XL:     4   Next: 53%
Magic:  8/8        EV:  9    Int: 13    God:
Gold:   93         SH:  0    Dex: 14    Spells: 7/7 levels left

rFire   . . .      SeeInvis .   Y - +0 hand axe
rCold   . . .      Faith    .   (no shield)
rNeg    . . .      Spirit   .   d - +0 scale mail
rPois   .          Reflect  .   (helmet restricted)
rElec   .          Harm     .   (no cloak)
rCorr   .          Rampage  .   (no gloves)
Will    .....                   (boots unavailable)
Stlth   ..........              (no amulet)
HPRegen 0.08/turn               (no ring)
MPRegen 0.11/turn               (no ring)

@: no status effects
A: beak, talons 3
a: no special abilities


You were on level 2 of the Dungeon.
You visited 1 branch of the dungeon, and saw 2 of its levels.

You collected 93 gold pieces.


Innate Abilities, Weirdness & Mutations

You have a beak for a mouth.
You have claws for feet.


   Skills:
 - Level 2.0 Fighting
 + Level 5.1 Axes
 - Level 1.0 Throwing
 - Level 1.1 Armour
 - Level 2.1 Dodging
 - Level 2.0 Spellcasting
 - Level 2.4 Translocations


You had 7 spell levels left.
You didn't know any spells.
Your spell library contained the following spells:

 Spells                   Type           Power      Damage    Failure   Level
 Blink                    Tloc           14%        N/A       56%         2
 Gell's Gravitas          Tloc           7%         N/A       80%         3
 Lesser Beckoning         Tloc           7%         N/A       80%         3
 Teleport Other           Tloc           7%         N/A       80%         3
 Manifold Assault         Tloc           7%         N/A       100%        5

Inventory:

Hand Weapons
 g - a +0 flail
 Y - a +0 hand axe (weapon)
Armour
 d - a +0 scale mail (worn)
Scrolls
 c - a scroll of identify
 e - a scroll of fear {unknown}
Potions
 a - a potion of mutation {unknown}
 b - a potion of curing {unknown}
 f - a potion of berserk rage {unknown}
 h - a potion of attraction {unknown}
 i - a potion of invisibility {unknown}
 m - a potion of brilliance {unknown}
 n - a potion of degeneration {unknown}

Dungeon Overview and Level Annotations

Branches:
Dungeon (2/15)

Altars:

Annotations:
D:2 Terence


Message History

Terence shouts!
2227 ||| Stepping ~*~*~tactically~*~*~ (hiding).
You start waiting.
Terence is nearby!
A quokka and a rat come into view.
Found a dented peridot amulet.
Terence misses you.
You barely miss Terence. You claw Terence, but do no damage.
Terence looks scornfully at you. Terence hits you but does no damage.
You hit Terence but do no damage. Your kick misses Terence.
Your peck misses Terence. Terence hits you with a +0 falchion.
You barely miss Terence. Your kick misses Terence.
Terence hits you with a +0 falchion!
You closely miss Terence. You peck Terence, but do no damage.
Terence barely misses you.
You hit Terence.
Terence is lightly wounded.
Terence zaps a wand.
The puff of flame hits you!
The quokka bites you but does no damage.
You closely miss Terence. You claw Terence.
Terence is lightly wounded.
You hit the quokka. Terence hits you but does no damage. The quokka bites you.
You barely miss the quokka. You claw the quokka.
You kill the quokka!
You barely miss Terence. Terence closely misses you.
You barely miss Terence. Your peck misses Terence.
Terence is lightly wounded.
Terence hits you but does no damage.
You hit Terence but do no damage. Your kick misses Terence.
You peck Terence, but do no damage.
Terence is lightly wounded.
Terence hits you with a +0 falchion.
You hit Terence. Your kick misses Terence.
Terence is moderately wounded.
Terence hits you with a +0 falchion.
You die...

##.# #######'###
####+ ......)%..#
..... ..........#
...... ..........#
...... ..........##
#......
...........#
##.......
...........#
#%@r.....
...........####@#
..
.............##.#.#
.........##.>....#
.........#########
.........#
.........#
........# .......
#######


You could see Terence and a rat.

Vanquished Creatures
  A gnoll (D:1)
  2 adders (D:2)
  A worm (D:2)
  A dart slug (D:1)
  3 bats
  6 endoplasms (D:1)
  9 goblins
  7 hobgoblins
  3 quokkas (D:2)
  5 ball pythons
  3 frilled lizards
  8 kobolds
  2 rats
51 creatures vanquished.

Notes
Turn   | Place    | Note
-------+----------+-------------------------------------------
     0 | D:1      | qw the Tengu Warper began the quest for the Orb.
     0 | D:1      | Reached XP level 1. HP: 12/12 MP: 4/4
     0 | D:1      | 0 ||| qw: Version: 0.1-a-89-g26bdef1
     0 | D:1      | 0 ||| qw: Game counter: 3551
     0 | D:1      | 0 ||| qw: Always use a shield: true
     0 | D:1      | 0 ||| qw: God list: Okawaru
     0 | D:1      | 0 ||| qw: Allow faded altars: false
     0 | D:1      | 0 ||| qw: Do Orc after D:15 true
     0 | D:1      | 0 ||| qw: Do second Lair branch before Depths: true
     0 | D:1      | 0 ||| qw: Lair rune preference: random
     0 | D:1      | 0 ||| qw: Plans: Normal
     0 | D:1      | 0 ||| PLANNING D:1-11
   156 | D:1      | Reached XP level 2. HP: 17/17 MP: 6/6
   162 | D:1      | Reached skill level 3 in Axes
   249 | D:1      | 249 ||| Stepping ~*~*~tactically~*~*~ (stealth).
   264 | D:1      | 264 ||| Stepping ~*~*~tactically~*~*~ (stealth).
   463 | D:1      | 463 ||| DROPPING +0 club.
   500 | D:1      | Reached XP level 3. HP: 19/21 MP: 7/7
   586 | D:1      | 586 ||| Stepping ~*~*~tactically~*~*~ (stealth).
   599 | D:1      | 599 ||| Stepping ~*~*~tactically~*~*~ (stealth).
   603 | D:1      | 603 ||| Stepping ~*~*~tactically~*~*~ (stealth).
   604 | D:1      | 604 ||| Stepping ~*~*~tactically~*~*~ (stealth).
   607 | D:1      | Reached skill level 4 in Axes
   607 | D:1      | 607 ||| Stepping ~*~*~tactically~*~*~ (hiding).
   684 | D:1      | 684 ||| Stepping ~*~*~tactically~*~*~ (stealth).
   685 | D:1      | 685 ||| Stepping ~*~*~tactically~*~*~ (stealth).
   730 | D:1      | 730 ||| Stepping ~*~*~tactically~*~*~ (stealth).
   737 | D:1      | 737 ||| Stepping ~*~*~tactically~*~*~ (stealth).
   738 | D:1      | 738 ||| Stepping ~*~*~tactically~*~*~ (stealth).
   762 | D:1      | 762 ||| Stepping ~*~*~tactically~*~*~ (stealth).
   763 | D:1      | 763 ||| Stepping ~*~*~tactically~*~*~ (stealth).
   764 | D:1      | 764 ||| Stepping ~*~*~tactically~*~*~ (stealth).
   766 | D:1      | 766 ||| Stepping ~*~*~tactically~*~*~ (stealth).
   830 | D:1      | 830 ||| Stepping ~*~*~tactically~*~*~ (stealth).
   833 | D:1      | 833 ||| Stepping ~*~*~tactically~*~*~ (stealth).
  1458 | D:1      | 1458 ||| UPGRADING to +0 scale mail.
  1468 | D:1      | 1468 ||| DROPPING +0 leather armour.
  1469 | D:1      | 1469 ||| DROPPING ring of wizardry.
  1470 | D:1      | 1470 ||| READING scroll labelled CEMAD ZOEQ.
  1471 | D:1      | 1471 ||| READING scroll labelled JIVYAR RODAEZ.
  1472 | D:1      | 1472 ||| READING scroll labelled KOKYOSU JERYWN.
  1473 | D:1      | 1473 ||| DROPPING scroll of blinking.
  1644 | D:2      | Reached XP level 4. HP: 26/26 MP: 8/8
  1675 | D:2      | 1675 ||| Stepping ~*~*~tactically~*~*~ (stealth).
  1985 | D:2      | Reached skill level 5 in Axes
  1996 | D:2      | 1996 ||| FLEEEEING.
  2226 | D:2      | Noticed Terence
  2227 | D:2      | 2227 ||| Stepping ~*~*~tactically~*~*~ (hiding).
  2239 | D:2      | HP: 3/26 [Terence/+0 falchion (4)]
  2240 | D:2      | Slain by Terence

Levels and vault maps discovered:
D:1:      roderic_octagonal_star, layout_rooms, minmay_heptomino_h4
D:2:      layout_basic, ebering_ecumenical_altar_abandoned, uniq_terence

Skill      XL: |  1  2  3  4 |
---------------+-------------+-----
Axes           | 3 4 5 |  5.1
Fighting       | |  2.0
Throwing       | |  1.0
Armour         | |  1.1
Dodging        | |  2.1
Spellcasting   | |  2.0
Translocations | |  2.4

Action                   |  1- 3 |  4- 6 || total
-------------------------+-------+-------++-------
Melee: Hand axe          |    91 |    41 ||   132
       Kick              |    19 |    11 ||    30
       Peck              |     6 |     7 ||    13
Throw: Boomerang         |     7 |       ||     7
  Use: Scroll            |     3 |       ||     3
Armor: Leather armour    |    15 |       ||    15
       Scale mail        |    18 |    18 ||    36
Dodge: Dodged            |    57 |    18 ||    75

Table legend:
 A = Non-vault XP
 B = Vault XP
 C = Vault XP percentage of total XP
 D = Non-vault monster count
 E = Vault monster count
 F = Vault count percentage of total count
                 A         B        C        D         E       F
            +---------+---------+-------+---------+---------+-------
      Total |     122 |       4 |   3.2 |      48 |       3 |   5.9
            +---------+---------+-------+---------+---------+-------
        D:1 |      63 |       4 |   6.0 |      28 |       3 |   9.7
        D:2 |      59 |       0 |   0.0 |      20 |       0 |   0.0
            +---------+---------+-------+---------+---------+-------
